 Dungeon Crawl Stone Soup version 0.27-a0-1154-gfdeffcb720 (webtiles) character file.

Game seed: 2660791501977904482

1647 leviel the Cleaver (level 8, -1/63 (69) HPs)
             Began as a Minotaur Fighter on May 14, 2021.
             Slain by a wight
             ... wielding a +3 halberd of freezing
              (2 damage)
             ... on level 6 of the Dungeon.
             The game lasted 00:04:17 (4361 turns).

leviel the Cleaver (Minotaur Fighter)               Turns: 4361, Time: 00:04:18

HP:   -1/63 (69)    AC: 12    Str: 23    XL:     8   Next: 67%
MP:   7/7           EV:  5    Int:  5    God:
Gold: 122           SH: 10    Dex: 10    Spells: 7/7 levels left

rFire    . . .     SeeInvis .   a - +1 war axe
rCold    . . .     Faith    .   c - +0 kite shield
rNeg     . . .     Spirit   .   h - +0 plate armour
rPois    .         Reflect  .   (helmet restricted)
rElec    .         Harm     .   (no cloak)
rCorr    .         Rampage  .   (no gloves)
Will     .....                  (no boots)
Stlth    ..........             (no amulet)
HPRegen  0.20/turn              (no ring)
MPRegen  0.10/turn              (no ring)

@: mighty, marked, drained
A: horns 2, retaliatory headbutt
a: no special abilities


You were on level 6 of the Dungeon.
You visited 1 branch of the dungeon, and saw 6 of its levels.

You collected 317 gold pieces.
You spent 195 gold pieces at shops.

Inventory:

Hand Weapons
 a - a +1 war axe (weapon)
Armour
 c - a +0 kite shield (worn)
 h - a +0 plate armour (worn)
Jewellery
 o - a +6 ring of intelligence
Scrolls
 b - a scroll of silence {unknown}
 i - a scroll of blinking {unknown}
 j - 2 scrolls of identify {unknown}
 k - a scroll of teleportation {unknown}
 l - a scroll of brand weapon {unknown}
 n - a scroll of fog {unknown}
 p - 2 scrolls of enchant armour {unknown}
 q - a scroll of summoning {unknown}
Potions
 d - a potion of might
 e - 4 potions of curing
 f - a potion of mutation {unknown}
 g - 2 potions of haste {unknown}


   Skills:
 + Level 5.5 Fighting
 * Level 9.7 Axes
 + Level 6.5 Armour
 + Level 1.0 Dodging
 + Level 1.2 Stealth
 + Level 6.7 Shields


You had 7 spell levels left.
You didn't know any spells.
Your spell library contained the following spells:

 Spells                   Type           Power      Damage    Failure   Level
 Freeze                   Ice            0%         1d3       100%        1
 Frozen Ramparts          Ice            0%         1d2       100%        3
 Ozocubu's Armour         Ice            0%         N/A       100%        3
 Hailstorm                Conj/Ice       0%         3d3       100%        4
 Metabolic Englaciation   Hex/Ice        0%         N/A       100%        5


Dungeon Overview and Level Annotations

Branches:
Dungeon (6/15)             Temple (0/1) D:5

Altars:
Cheibriados
Dithmenos

Shops:
D:3 *   D:5 !

Annotations:
D:4 1 runed translucent door, Crazy Yiuf


Innate Abilities, Weirdness & Mutations

You have a pair of horns on your head.
You reflexively headbutt those who attack you in melee.


Message History

You slash the scorpion!
You kill the scorpion!
You slash the wight!
You feel sick. The wight barely misses you. You block the wight's attack.
You hit the wight but do no damage.
The wight is heavily damaged.
You slash the orc priest!
You kill the orc priest!
You feel sick. You block the wight's attack. x2
You slash the wight! You headbutt the wight!
The wight is almost destroyed.
You closely miss the wight.
You feel sick. The wight hits you but does no damage.
The wight closely misses you. The wight hits you with a +0 battleaxe!
* * * LOW HITPOINT WARNING * * *
You feel drained.
* * * LOW HITPOINT WARNING * * *
You barely miss the wight.
The wight is almost destroyed.
You hit the wight.
You feel sick.
The wight hits you with a +0 long sword.
* * * LOW HITPOINT WARNING * * *
You block the wight's attack. x2; The wight barely misses you.
You feel much better.
You feel sick.
You are no longer poisoned.
The wight hits you from afar with a +3 halberd of freezing.
* * * LOW HITPOINT WARNING * * *
You feel drained. The wight freezes you.
* * * LOW HITPOINT WARNING * * *
You block the wight's attack.
The wight hits you with a +0 long sword.
* * * LOW HITPOINT WARNING * * *
You feel drained.
You barely miss the wight.
The wight is almost destroyed.
You hit the wight but do no damage.
The wight hits you from afar with a +3 halberd of freezing!
* * * LOW HITPOINT WARNING * * *
The wight freezes you.
You die...

#......###............
#......##.............
#......##.............
#...†.................
##......#..<...........
###.......##.............
#...###.####.............
######.#.###z#####............
.............z@z.##...........
#.#.##.###.####.#####...####
#. #.# #.# # ..##
#.....?....... ..#
#.#.#o##.###.# .# # [o .... ..
.#.#. #.# ## ..#... ... .# ..
#..


You could see 3 wights.

Vanquished Creatures
  Pikel (D:5)
  3 water moccasins (D:6)
  A black bear (D:6)
  A necrophage (D:6)
  2 ogres
  3 scorpions (D:6)
  2 hounds (D:4)
  3 orc priests
  An orc wizard (D:2)
  6 gnolls
  3 adders
  A shadow imp (D:6)
  A white imp (D:4)
  An ufetubus (D:5)
  2 worms (D:2)
  3 dart slugs
  8 orcs
  3 bats
  6 endoplasms
  5 giant cockroaches
  10 goblins
  6 hobgoblins
  5 jackals
  3 quokkas
  11 ball pythons
  5 frilled lizards
  5 kobolds
  5 rats
106 creatures vanquished.

Notes
Turn   | Place    | Note
-------+----------+-------------------------------------------
     0 | D:1      | leviel the Minotaur Fighter began the quest for the Orb.
     0 | D:1      | Reached XP level 1. HP: 19/19 MP: 0/0
   254 | D:1      | Reached XP level 2. HP: 25/27 MP: 1/1
   301 | D:1      | Found a faded altar of an unknown god.
   476 | D:1      | Reached skill level 3 in Axes
   490 | D:1      | Reached XP level 3. HP: 29/33 MP: 2/2
   771 | D:2      | HP: 1/33 [something (4)]
   774 | D:2      | Reached XP level 4. HP: 9/40 MP: 3/3
   777 | D:2      | Reached skill level 4 in Axes
  1334 | D:2      | Found a snail-covered altar of Cheibriados.
  1883 | D:3      | Found Mig Kut's General Store.
  1903 | D:3      | Bought a scroll of enchant weapon for 75 gold pieces
  1973 | D:3      | Reached XP level 5. HP: 46/46 MP: 4/4
  2274 | D:3      | Found a shadowy altar of Dithmenos.
  2286 | D:3      | Reached skill level 1 in Dodging
  2489 | D:3      | Reached skill level 5 in Axes
  2904 | D:4      | Reached XP level 6. HP: 39/53 MP: 5/5
  3371 | D:4      | Reached skill level 6 in Axes
  3371 | D:4      | Reached skill level 5 in Armour
  3387 | D:4      | Found a runed translucent door.
  3388 | D:4      | Noticed Crazy Yiuf
  3786 | D:5      | Entered Level 5 of the Dungeon
  3851 | D:5      | Found a staircase to the Ecumenical Temple.
  3851 | D:5      | Noticed Pikel
  3868 | D:5      | Killed Pikel
  3869 | D:5      | Reached skill level 5 in Fighting
  3869 | D:5      | Reached skill level 7 in Axes
  3869 | D:5      | Reached skill level 1 in Stealth
  3869 | D:5      | Reached skill level 5 in Shields
  3869 | D:5      | Reached XP level 7. HP: 50/61 MP: 6/6
  4241 | D:5      | Found Sanu's Distillery.
  4244 | D:5      | Bought a potion of heal wounds for 60 gold pieces
  4244 | D:5      | Bought a potion of heal wounds for 60 gold pieces
  4300 | D:6      | Reached skill level 8 in Axes
  4347 | D:6      | Reached XP level 8. HP: 29/68 MP: 7/7
  4349 | D:6      | Reached skill level 9 in Axes
  4361 | D:6      | HP: 1/63 [wight/+3 halberd of freezing (14)]
  4361 | D:6      | Slain by a wight

Illustrated notes

Levels and vault maps discovered:
D:1:      dpeg_arrival_simpleton_a, layout_basic,
          hellmonk_ecumenical_altar_lost_god, chequers_serial_rivers_micro_a,
          minmay_pentomino_p4
D:2:      layout_basic, basic_altar
D:3:      layout_loops_corners, lemuel_round_altar, serial_shops, shop
D:4:      layout_gridville, uniq_crazy_yiuf_cottage
D:5:      layout_loops_ring, temple_statues, serial_shops, kennysheep_mini,
          uniq_eustachio, uniq_pikel
D:6:      layout_rooms, old_standard_altar, hangedman_decor_points,
          minmay_diced_spiral

Skill      XL: |  1  2  3  4  5  6  7  8 |
---------------+-------------------------+-----
Armour         | 4 5 6 |  6.5
Axes           | 3 4 5 7 8 9 |  9.7
Shields        | 4 5 6 |  6.7
Fighting       | 4 5 |  5.5
Dodging        | 1 |  1.0
Stealth        | 1 |  1.2

Action                   |  1- 3 |  4- 6 |  7- 9 || total
-------------------------+-------+-------+-------++-------
Melee: War axe           |    59 |   140 |    27 ||   226
       Headbutt          |    11 |    22 |     4 ||    37
  Use: Potion            |     1 |       |     4 ||     5
       Scroll            |       |     1 |       ||     1
Armor: Scale mail        |    30 |    19 |       ||    49
       Plate armour      |       |    59 |    20 ||    79
Dodge: Dodged            |    20 |    28 |     5 ||    53
Block: Kite shield       |    31 |    72 |    22 ||   125

Table legend: (Time is in decaauts)
 A = Elapsed time spent in this place.
 B = Non-inter-level travel time spent in this place.
 C = Inter-level travel time spent in this place.
 D = Time resting spent in this place.
 E = Time spent auto-exploring this place.
 F = Levels seen in this place.
 G = Mean time per level.
                   A        B        C        D        E       F      G
               +--------+--------+--------+--------+--------+-----+--------+
         Total |   4465 |   4313 |    152 |    348 |   3379 |   6 |  744.2 |
       Dungeon |   4465 |   4313 |    152 |    348 |   3379 |   6 |  744.2 |
               +--------+--------+--------+--------+--------+-----+--------+

Top non-repeatable levels by time:
     D:2: 1155 daAuts
     D:4: 1025 daAuts
     D:3: 916 daAuts
     D:1: 782 daAuts
     D:5: 498 daAuts
     D:6: 87 daAuts
